 Dungeon Crawl Stone Soup version 0.17.0-24-gcfadda4 (webtiles) character file.

151 SKei0 the Covert (level 5, 0/39 HPs)
             Began as a Vampire Assassin on Nov 15, 2015.
             Slain by an orc priest
             ... wielding a +0 hand axe
              (4 damage)
             ... on level 3 of the Dungeon.
             The game lasted 00:08:02 (3003 turns).

SKei0 the Covert (Vampire Assassin)                 Turns: 3003, Time: 00:08:02

Health: 0/39       AC:  3    Str: 10    XL:     5   Next: 11%
Magic:  5/5        EV: 13    Int: 14    God:
Gold:   81         SH:  0    Dex: 16    Spells: 0 memorised, 4 levels left

rFire  . . .     SeeInvis +     a - +2 dagger
rCold  . . .     Clarity  .     c - +0 robe
rNeg   + . .     SustAt   .     (no shield)
rPois  .         Gourm    .     (no helmet)
rElec  .         Spirit   .     d - +0 cloak
rCorr  .         Warding  .     (no gloves)
rMut   .         Stasis   .     (no boots)
MR     .....                    (no amulet)
Stlth  ++++......               (no ring)
                                (no ring)

@: not resistant to hostile enchantments, stealthy
A: fangs 3, see invisible, unbreathing
a: Bat Form


You were on level 3 of the Dungeon.
You were not thirsty.

You visited 1 branch of the dungeon, and saw 3 of its levels.

You collected 81 gold pieces.

Inventory:

Hand Weapons
 a - a +2 dagger (weapon)
 b - a +0 blowgun
Missiles
 e - 21 poisoned needles
 f - 8 curare-tipped needles
 h - 7 needles of frenzy
Armour
 c - a +0 robe (worn)
 d - a +0 cloak (worn)
Jewellery
 w - an uncursed amulet of warding {unknown}
Scrolls
 i - 4 scrolls of noise {unknown}
 j - 2 scrolls of remove curse {unknown}
 k - 3 scrolls of identify {unknown}
 m - a scroll of enchant armour {unknown}
 p - 2 scrolls of immolation {unknown}
 q - a scroll of fear {unknown}
 t - a scroll of random uselessness {unknown}
 u - a scroll of magic mapping {unknown}
 v - a scroll of fog {unknown}
Potions
 g - 12 potions of blood
 l - a potion of lignification {unknown}
 n - 2 potions of might {unknown}
 r - 2 potions of heal wounds {unknown}
 s - a potion of degeneration {unknown}


   Skills:
 + Level 2.5 Fighting
 + Level 3.2 Short Blades
 - Level 1.5 Throwing
 + Level 2.1 Dodging
 * Level 8.0 Stealth


You had 4 spell levels left.
You didn't know any spells.

Dungeon Overview and Level Annotations

Branches:
Dungeon (3/15)

Altars:
Trog
The Shining One


Innate Abilities, Weirdness & Mutations

You have razor-sharp teeth.
You have supernaturally acute eyesight.
You can survive without breathing.


Message History

You hit the orc priest but do no damage.
The orc priest is severely wounded.
The orc priest completely misses you.
You hit the orc priest but do no damage.
The orc priest is severely wounded.
You closely miss the orc priest.
The orc priest is severely wounded.
You hear the drain falling apart.
The orc priest barely misses you.
You hit the orc priest but do no damage.
The orc priest is severely wounded.
The orc priest hits you with a hand axe!
* * * LOW HITPOINT WARNING * * *
You hit the orc priest but do no damage.
The orc priest is severely wounded.
The orc priest casts a cantrip, but nothing happens.
You closely miss the orc priest.
The orc priest is heavily wounded.
The orc priest hits you with a hand axe.
You die...

#..........##.....##.
#....................
#....................
#.........##.#.......
###.##...###.#.#.#.#.
#####.##...#.......#.#
###..........#....>....
........)o.#...........
###....รท.@.###.........
.......................
#......................
#.##########)#######...
. #.# .. #.# . #.# #.#
#.#


You could see an orc priest.

Vanquished Creatures
  5 adders
  3 gnolls (D:3)
  A worm (D:3)
  3 giant geckos
  4 orcs
  2 ball pythons
  A bat (D:2)
  4 giant cockroaches
  7 goblins
  8 hobgoblins
  5 jackals (D:1)
  12 kobolds
  A quokka (D:2)
  3 giant newts
  4 rats
63 creatures vanquished.

Notes
Turn   | Place    | Note
--------------------------------------------------------------
     0 | D:1      | SKei0 the Vampire Assassin began the quest for the Orb.
     0 | D:1      | Reached XP level 1. HP: 16/16 MP: 1/1
    49 | D:1      | Reached skill level 6 in Stealth
   375 | D:1      | Reached XP level 2. HP: 22/22 MP: 2/2
   389 | D:1      | Found a glowing golden altar of the Shining One.
  1025 | D:1      | Reached XP level 3. HP: 27/27 MP: 3/3
  1576 | D:2      | Reached skill level 7 in Stealth
  1734 | D:2      | Found a bloodstained altar of Trog.
  2015 | D:2      | Reached XP level 4. HP: 30/34 MP: 4/4
  2860 | D:3      | Reached XP level 5. HP: 33/39 MP: 5/5
  2872 | D:3      | Reached skill level 8 in Stealth
  3003 | D:3      | Slain by an orc priest

Action                   |  1- 3 |  4- 6 || total
-------------------------+-------+-------++-------
Melee: Dagger            |   103 |   121 ||   224
  Use: Potion            |     4 |     3 ||     7
 Stab: Sleeping          |    20 |     3 ||    23
       Distracted        |     1 |       ||     1
